 Dungeon Crawl Stone Soup version 0.29.1-15-g9cfb28693d (webtiles) character file.

Game seed: 2469124560154881106

354 croobank the Sneak (level 6, -1/43 HPs)
             Began as an Octopode Delver on Mar 19, 2023.
             Succumbed to an adder's poison
             ... on level 4 of the Dungeon.
             The game lasted 00:08:13 (3602 turns).

croobank the Sneak (Octopode Delver)                Turns: 3602, Time: 00:08:14

Health: -1/43      AC:  1    Str: 10    XL:     6   Next: 62%
Magic:  18/18      EV: 14    Int: 13    God:
Gold:   122        SH:  0    Dex: 18    Spells: 6/9 levels left

rFire   . . .      SeeInvis .   a - +0 hand axe
rCold   + . .      Faith    .   (no shield)
rNeg    . . .      Spirit   .   (helmet restricted)
rPois   .          Reflect  .   (no amulet)
rElec   .          Harm     .   w - ring of magical power
rCorr   .          Rampage  .   (no ring)
Will    .....      Clarity  +   (no ring)
Stlth   +++++.....              (no ring)
HPRegen 0.14/turn               (no ring)
MPRegen 0.16/turn               (no ring)
                                (no ring)
                                (no ring)

@: mighty, brilliant, lethally poisoned (-1 -> -11), invisible
A: almost no armour, amphibious, 8 rings, camouflage 1, gelatinous body 1,
(nimble swimmer 1), tentacles, agile 1, clarity, cold resistance 1
a: no special abilities


You were on level 4 of the Dungeon.
You visited 1 branch of the dungeon, and saw 5 of its levels.

You collected 142 gold pieces.
You spent 20 gold pieces at shops.

Inventory:

Hand Weapons
 a - a +0 hand axe (weapon)
 b - a +0 sling
 c - a +0 short sword
 r - a +2 dagger of venom
Missiles
 n - a javelin (quivered)
 t - 4 poisoned darts
Jewellery
 u - a ring of fire
 w - a ring of magical power (left tentacle)
 y - a ring of protection from fire
Wands
 f - a wand of digging (10)
Scrolls
 e - 2 scrolls of enchant armour {unknown}
 g - a scroll of poison {unknown}
 h - a scroll of brand weapon {unknown}
 i - a scroll of immolation {unknown}
 k - a scroll of vulnerability
 m - 2 scrolls of butterflies {unknown}
 o - a scroll of teleportation {unknown}
 v - a scroll of blinking {unknown}
 x - a scroll of fog
 A - a scroll of identify
Potions
 j - a potion of flight
 l - a potion of magic
 p - a potion of brilliance


   Skills:
 + Level 4.0 Fighting
 + Level 3.2 Axes
 + Level 3.2 Dodging
 + Level 7.7 Stealth
 * Level 2.0 Spellcasting
 * Level 2.2 Transmutations


You had 6 spell levels left.
You knew the following spells:

 Your Spells              Type           Power      Damage    Failure   Level
a - Beastly Appendage     Tmut           20%        N/A       10%         1
b - Wereblood             Tmut           10%        N/A       16%         2

Your spell library contained the following spells:

 Spells                   Type           Power      Damage    Failure   Level
 Spider Form              Tmut/Pois      6%         N/A       43%         3
 Ozocubu's Armour         Ice            1%         N/A       58%         3
 Portal Projectile        Hex/Tloc       2%         N/A       58%         3
 Tukima's Dance           Hex            1%         N/A       58%         3
 Blade Hands              Tmut           5%         N/A       95%         5
 Ozocubu's Refrigeration  Ice            0%         4d7       100%        7


Dungeon Overview and Level Annotations

Branches:
Dungeon (5/15)
 Temple: D:4-7

Altars:
Cheibriados

Shops:
D:5 *


Innate Abilities, Weirdness & Mutations

You cannot wear most types of armour.
You are amphibious.
You can wear up to eight rings at the same time.
Your skin changes colour to match your surroundings (Stealth+).
Your rubbery body absorbs attacks. (AC +1, EV +1)
((You are camouflaged when in or above water. (Stealth+)))
You have tentacles for arms and can constrict up to eight enemies at once.
You are agile. (Dex +4, Str/Int -1)
You possess an exceptional clarity of mind.
Your flesh is cold resistant. (rC+)


Message History

You hit the adder. Your grab misses the adder.
The adder is severely wounded.
You feel sick. The adder bites you.
You are more poisoned.
The adder poisons you! The adder bites you.
You barely miss the adder. Your grab misses the adder.
The adder is severely wounded.
You feel sick. The adder misses you.
You miss the adder. You grab the adder.
The adder is severely wounded.
You constrict the adder.
You feel sick. The adder bites you.
* * * LOW HITPOINT WARNING * * *
You are more poisoned.
The adder poisons you! The adder bites you.
* * * LOW HITPOINT WARNING * * *
You are lethally poisoned!
The adder poisons you!
It was a potion of brilliance.
You feel clever all of a sudden.
You constrict the adder.
* * * LOW HITPOINT WARNING * * *
You feel very sick. The adder bites you.
* * * LOW HITPOINT WARNING * * *
You are more poisoned.
The adder poisons you!
Okay, then.
It was a potion of might.
You feel very mighty all of a sudden.
You constrict the adder.
You kill the adder!
* * * LOW HITPOINT WARNING * * *
You feel very sick.
It was a potion of invisibility.
You fade into invisibility!
* * * LOW HITPOINT WARNING * * *
You feel very sick.
It was a potion of mutation.
You feel extremely strange.
Your thoughts seem clearer.
You feel resistant to cold.
You feel agile.
You die...

#...#....# ##....
###(####.### #..###
#.###.....###.##
#.##..........# #
#.#.>$......### #.
#.#......[..# #.#
#.#.........# ### ..##
#)#.....$..<# #.. ...
#@#.........# #.# #[#
##†#.......)..###.#
#..##.............s...#
#.....#.........##....
##.##.#.......?.#...#.
#..)#.#.........#.####
#...#.#.##....^..##.
....###...###........
#.### #)÷.# ##.####.


There were no monsters in sight!

Vanquished Creatures
  An ogre (D:4)
  A phantom (D:3)
  A scorpion (D:4)
  An orc priest (D:3)
  3 gnolls
  2 adders (D:4)
  2 dart slugs (D:4)
  3 orcs (D:3)
  4 bats
  2 endoplasms
  3 giant cockroaches
  3 goblins
  4 hobgoblins
  4 jackals
  8 kobolds
  4 quokkas
  6 ball pythons
  2 frilled lizards (D:1)
  4 rats
58 creatures vanquished.

Notes
Turn   | Place    | Note
-------+----------+-------------------------------------------
     0 | D:5      | croobank the Octopode Delver began the quest for the Orb.
     0 | D:5      | Reached XP level 1. HP: 16/16 MP: 1/1
    18 | D:5      | Noticed a water moccasin
    38 | D:5      | Found Ameid's Elemental Accessories.
    47 | D:5      | Bought a scroll of identify for 20 gold pieces
    76 | D:5      | Noticed a lemure
    77 | D:5      | Noticed a lemure
    78 | D:5      | Noticed an ogre
   112 | D:5      | Noticed an orc wizard
   185 | D:4      | Reached XP level 2. HP: 18/21 MP: 2/2
   272 | D:4      | Noticed an ogre
   273 | D:4      | Noticed a scorpion
   996 | D:1      | Found a faded altar of an unknown god.
  1072 | D:1      | Reached XP level 3. HP: 26/26 MP: 3/3
  1227 | D:1      | Reached skill level 7 in Stealth
  1682 | D:2      | Found a snail-covered altar of Cheibriados.
  2167 | D:3      | Reached XP level 4. HP: 26/31 MP: 4/4
  2365 | D:3      | Learned a level 1 spell: Beastly Appendage
  2368 | D:3      | Learned a level 2 spell: Wereblood
  2377 | D:3      | Noticed a phantom
  2385 | D:3      | Killed a phantom
  2386 | D:3      | Reached skill level 1 in Spellcasting
  2386 | D:3      | Reached skill level 1 in Transmutations
  2386 | D:3      | Reached XP level 5. HP: 29/37 MP: 6/6
  3564 | D:4      | Reached XP level 6. HP: 28/43 MP: 8/8
  3601 | D:4      | HP: 1/43 [poisoned by an adder]
  3602 | D:4      | Gained mutation: You possess an exceptional clarity of
                  | mind. [potion of mutation]
  3602 | D:4      | Gained mutation: Your flesh is cold resistant. (rC+)
                  | [potion of mutation]
  3602 | D:4      | Gained mutation: You are agile. (Dex +4, Str/Int -1)
                  | [potion of mutation]
  3602 | D:4      | Succumbed to an adder's poison

Illustrated notes

Levels and vault maps discovered:
D:1:      dpeg_arrival_simpleton_c, layout_loops_cross,
          shapermc_ecumenical_altar_pompeii
D:2:      layout_basic, basic_altar, minmay_misc_feat_cross
D:3:      layout_loops_ring
D:4:      layout_rooms
D:5:      layout_cave_pools, nicolae_elemental_shop,
          chequers_serial_rivers_micro_c, eino_small_chamber_without_monster,
          uniq_pikel

Skill      XL: |  1  2  3  4  5  6 |
---------------+-------------------+-----
Stealth        | 7 |  7.7
Spellcasting   | 1 2 |  2.0
Transmutations | 1 2 |  2.2
Dodging        | 3 |  3.2
Axes           | 3 |  3.2
Fighting       | 4 |  4.0

Action                   |  1- 3 |  4- 6 || total
-------------------------+-------+-------++-------
Melee: Hand axe          |    60 |    53 ||   113
       Constrict         |    15 |    11 ||    26
       Tentacles         |    14 |    12 ||    26
       Kick              |       |     1 ||     1
Throw: Javelin           |       |     8 ||     8
 Cast: Beastly Appendage |       |     2 ||     2
  Use: Scroll            |     5 |     1 ||     6
       Potion            |     2 |     5 ||     7
 Stab: Sleeping          |    16 |     4 ||    20
       Distracted        |     1 |       ||     1
Armor: Skin              |     1 |     4 ||     5
Dodge: Dodged            |    33 |    43 ||    76
